AoeStats
← papaK

Arena

510535125Analyzed
2v2 RM · 1d ago on Oct 1, 2026· 54m 10s· 4 players
Game mode
Random Map
Map size
Medium (4 player)
Population
200
Speed
Normal
Resources
Standard
Victory
Conquest
Starting age
Dark Age
Ending age
Imperial Age
RankedLock teamsTeams togetherTeam positionsShared explorationLock speedFull tech treeHidden civsTurbo modeCheats
Victory
Defeat
🇳🇴 Spanish · Norway
1677
+6
🇳🇴 Turks · Norway
1144
+24
🇹🇷 Turks · Türkiye
1451
-18
🇹🇷 Bulgarians · Türkiye
1313
-12
akgunfurkan45
10:48 Feudal Age
14:25 Castle Age
14:28 Fletching
21:11 Bloodlines
22:07 Bodkin Arrow
28:58 Imperial Age
26:16 Loom
27:06 Wheelbarrow
26:17 Town Watch
27:36 Double-Bit Axe
28:59 Husbandry
29:46 Ballistics
30:04 Bombard Tower
30:25 Bracer
30:39 Padded Archer Armor
31:03 Forging
30:59 Scale Barding Armor
32:43 Chain Barding Armor
32:59 Iron Casting
34:51 Parthian Tactics
34:56 Conscription
34:33 Horse Collar
36:57 Gold Mining
37:28 Artillery
38:35 Masonry
38:06 Treadmill Crane
41:08 Architecture
43:48 Murder Holes
47:26 Plate Barding Armor
47:52 Blast Furnace
tetikçi
10:49 Feudal Age
14:33 Castle Age
12:41 Double-Bit Axe
12:47 Loom
13:25 Horse Collar
15:55 Forging
20:41 Iron Casting
20:01 Fletching
20:44 Bodkin Arrow
22:08 Scale Barding Armor
31:13 Imperial Age
29:44 Scale Mail Armor
31:19 Chain Barding Armor
31:16 Chain Mail Armor
32:07 Wheelbarrow
31:35 Stone Mining
32:15 Gold Mining
33:08 Iron Casting
36:07 Plate Barding Armor
37:15 Bracer
37:47 Hand Cart
41:44 Chemistry
42:27 Elite Skirmisher
43:37 Ballistics
44:00 Town Watch
44:36 Padded Archer Armor
44:50 Masonry
44:54 Thumb Ring
46:07 Leather Archer Armor
47:55 Blast Furnace
48:51 Siege Engineers
49:18 Plate Mail Armor
49:21 Bow Saw
49:12 Heavy Plow
[Nors] OG DADDY
11:15 Feudal Age
15:24 Castle Age
13:27 Double-Bit Axe
13:35 Horse Collar
16:47 Bow Saw
24:34 Bloodlines
25:46 Heavy Plow
27:35 Wheelbarrow
27:04 Gold Mining
31:30 Imperial Age
29:08 Husbandry
29:15 Scale Barding Armor
30:38 Chain Barding Armor
30:24 Stone Mining
30:51 Hand Cart
30:22 Loom
31:26 Forging
31:33 Cavalier
32:49 Plate Barding Armor
32:10 Town Watch
32:51 Conscription
33:26 Paladin
35:52 Iron Casting
36:35 Two-Man Saw
38:22 Blast Furnace
37:45 Scale Mail Armor
37:07 Pikeman
37:47 Squires
37:46 Fletching
38:18 Halberdier
40:53 Chain Mail Armor
40:35 Bodkin Arrow
41:42 Chemistry
41:03 Ballistics
42:52 Plate Mail Armor
42:24 Bracer
43:14 Supremacy
45:02 Coinage
44:54 Masonry
45:18 Guilds
46:54 Banking
47:27 Stone Shaft Mining
50:54 Hoardings
papaK
7:31 Loom
11:25 Feudal Age
16:02 Castle Age
13:57 Double-Bit Axe
14:01 Horse Collar
16:31 Wheelbarrow
17:10 Bow Saw
18:53 Heavy Plow
23:24 Fletching
32:20 Gold Mining
34:03 Bodkin Arrow
38:26 Padded Archer Armor
39:08 Gold Shaft Mining
39:40 Leather Archer Armor
41:42 Ballistics
44:52 Imperial Age
45:45 Elite Janissary
46:50 Bracer
47:21 Ring Archer Armor
49:26 Hand Cart
53:23 Town Watch
54:56 Conscription
54:49 Bloodlines
54:45 Scale Barding Armor
54:51 Forging
Connection lost

Rejoining the realm…

Still unreachable

The connection could not be restored.

Session expired

The server has moved on; the page needs a fresh start.